 Dungeon Crawl Stone Soup version 0.32-a0-20-ge526923d97 (webtiles) character file.

Game seed: 10295024759068368189

273 Newt the Shooter (level 6, -9/39 (40) HPs)
             Began as a Kobold Hunter on Jan 17, 2024.
             Mangled by a wight
             ... wielding a +0 dire flail
              (14 damage)
             ... on level 4 of the Dungeon.
             The game lasted 00:03:21 (3375 turns).

Newt the Shooter (Kobold Hunter)                    Turns: 3375, Time: 00:03:22

HP:   -9/39 (40)    AC:  5    Str: 16    XL:     6   Next: 48%
MP:   6/6           EV: 14    Int: 10    God:
Gold: 271           SH:  0    Dex: 26    Spells: 5/5 levels left

rFire   . . .        a - +2 shortbow
rCold   + . .        (shield currently unavailable)
rNeg    . . .        m - +0 ring mail of Ashenzari's Whim {^Drain Str+2 Dex+5}
rPois   .            (no helmet)
rElec   .            (no cloak)
rCorr   .            (no gloves)
SInv    .            (no boots)
Will    .....        l - amulet of the acrobat
Stlth   +++          k - +6 ring of strength
HPRegen 0.26/turn    p - ring of protection from cold
MPRegen 0.10/turn

%: acrobat
@: lightly drained
A: small, no large weapons, nightstalker 3
a: no special abilities


You were on level 4 of the Dungeon.
You visited 1 branch of the dungeon, and saw 4 of its levels.

You collected 271 gold pieces.

Inventory:

Hand Weapons
 a - a +2 shortbow (weapon)
Armour
 c - a +1 leather armour
 m - the +0 ring mail of Ashenzari's Whim (worn) {^Drain Str+2 Dex+5}
   (You found it on level 3 of the Dungeon)

   Str+2:     It affects your strength (+2).
   Dex+5:     It affects your dexterity (+5).
   ^Drain:    It drains your maximum health when unequipped.
Jewellery
 g - a ring of protection from cold
 k - a +6 ring of strength (left hand)
 l - an amulet of the acrobat (around neck)
 p - a ring of protection from cold (right hand)
 r - a ring of magical power
Scrolls
 b - 2 scrolls of butterflies
 d - 4 scrolls of teleportation
 n - a scroll of vulnerability
Potions
 e - a potion of brilliance
 f - a potion of heal wounds
 h - 3 potions of cancellation
 i - a potion of curing
 j - a potion of lignification {unknown}
 o - a potion of attraction {unknown}
 q - a potion of enlightenment {unknown}


   Skills:
 - Level 5.0 Fighting
 + Level 7.9 Ranged Weapons
 - Level 2.4 Dodging
 - Level 1.3 Stealth


You had 5 spell levels left.
You didn't know any spells.
Your spell library contained the following spells:

 Spells                   Type           Power      Damage    Failure   Level
 Ignite Poison            Fire/Alch      0%         N/A       100%        4
 Sticky Flame             Fire/Alch      0%         2d4       100%        4
 Ignition                 Fire           0%         3d3       100%        8


Dungeon Overview and Level Annotations

Branches:
Dungeon (4/15)
 Temple: D:4-7

Altars:
Ashenzari
Wu Jian

Shops:
D:4 :


Innate Abilities, Weirdness & Mutations

You are small and have problems with some larger weapons.
You are completely attuned to the shadows.


Message History

The arrow closely misses the necrophage.
The necrophage hits you.
You feel drained.
You shoot an arrow. The arrow hits the necrophage!
The necrophage is heavily damaged.
The necrophage hits you but does no damage.
The wight hits you with a +0 dire flail.
You shoot an arrow. The arrow hits the necrophage.
The necrophage is severely damaged.
The wight hits you with a +0 dire flail!
You feel drained.
* * * LOW HITPOINT WARNING * * *
The necrophage closely misses you.
You are too injured to fight recklessly!
You are too injured to fight recklessly!
You are too injured to fight recklessly!
You are too injured to fight recklessly!
You are too injured to fight recklessly!
Unknown command.
The wight barely misses you. The necrophage closely misses you.
The necrophage attacks as it pursues you!
The necrophage completely misses you.
The necrophage attacks as it pursues you!
The necrophage closely misses you.
You shoot an arrow. The arrow hits the necrophage!
The necrophage is almost destroyed.
The necrophage closely misses you.
You shoot an arrow. The arrow hits the necrophage!
You destroy the necrophage!
Your life force feels restored.
You shoot an arrow. The arrow hits the wight!
The wight is heavily damaged.
The wight completely misses you.
The wight hits you with a +0 dire flail!
* * * LOW HITPOINT WARNING * * *
You feel drained.
* * * LOW HITPOINT WARNING * * *
There is an open door here.
You shoot an arrow. The arrow barely misses the wight.
The wight hits you with a +0 dire flail!
You die...

.^#
#.....'......#...........
###
#.....######.#.##########
.# ####'##
#...............( .## #.#
#.#..#.##.#[.#.## ..# #.#
#....#.# ##.#.## ..##
##########..#.# #....#
...# #.#.#.# #..#.#
#..### ...#
#+#+#'#'#'####..# #..#
...# ........†.z@...##
#..## #..#
#+#+#'#'#'###### #...#
#..# #.#.#.# #...###
...### ############
#......
.....###...######.#
.....##.
....>'.'.....††.#.#
.#.#)#..
.....###..........####
#...##. .....#
#....###......## ..†....
.....# #....# ######..##
####


You could see a wight.

Vanquished Creatures
  A scorpion (D:4)
  A necrophage (D:4)
  2 hound zombies (D:4)
  A mummy (D:4)
  2 adders
  An adder zombie (D:4)
  3 dart slugs
  2 ribbon worms
  2 orcs
  3 ball pythons
  8 endoplasms
  3 giant cockroaches (D:2)
  9 goblins
  4 hobgoblins
  14 jackals
  3 kobolds
  4 quokkas
  2 bats (D:2)
  2 frilled lizards (D:3)
  3 rats
70 creatures vanquished.

Notes
Turn   | Place    | Note
-------+----------+-------------------------------------------
     0 | D:1      | Newt the Kobold Hunter began the quest for the Orb.
     0 | D:1      | Reached XP level 1. HP: 12/12 MP: 1/1
   286 | D:1      | Reached XP level 2. HP: 18/18 MP: 2/2
   881 | D:2      | Reached XP level 3. HP: 23/23 MP: 3/3
  1493 | D:2      | Reached XP level 4. HP: 30/30 MP: 4/4
  2200 | D:3      | Identified the +0 ring mail of Ashenzari's Whim {^Drain
                  | Str+2 Dex+5}
  2227 | D:3      | Found an ornate altar of the Wu Jian Council.
  2799 | D:4      | Found Arriedep's Book Shoppe.
  2893 | D:4      | Reached skill level 5 in Fighting
  3136 | D:4      | Found a broken altar of Ashenzari.
  3176 | D:4      | Noticed a scorpion
  3178 | D:4      | Reached XP level 5. HP: 35/35 MP: 5/5
  3183 | D:4      | Reached skill level 6 in Ranged Weapons
  3340 | D:4      | Reached skill level 7 in Ranged Weapons
  3340 | D:4      | Reached XP level 6. HP: 40/40 MP: 6/6
  3375 | D:4      | Mangled by a wight

Illustrated notes

Levels and vault maps discovered:
D:1:      lightli_iron_boxes, layout_basic, nicolae_eternal_life
D:2:      layout_basic
D:3:      layout_loops_cross, marbit_many_paths, minmay_misc_feat_doors,
          minmay_misc_feat_x
D:4:      layout_basic, nicolae_overflow_crystal_walls,
          lemuel_mausoleum_altar_yredelemnul, serial_shops,
          nicolae_book_shop_shelving, minmay_misc_feat_enclosed,
          kennysheep_pointless_box

Skill      XL: |  1  2  3  4  5 |
---------------+----------------+-----
Fighting       | 3 4 5 |  5.0
Ranged Weapons | 7 |  7.9
Dodging        | |  2.4
Stealth        | |  1.3

Action                     |  1- 3 |  4- 6 || total
---------------------------+-------+-------++-------
   Fire: Shortbow          |    70 |   111 ||   181
    Use: Scroll            |    11 |     1 ||    12
 Armour: Leather armour    |     7 |       ||     7
         Ring mail         |       |    51 ||    51
  Dodge: Dodged            |    22 |    73 ||    95

Table legend: (Time is in decaauts)
 A = Elapsed time spent in this place.
 B = Non-inter-level travel time spent in this place.
 C = Inter-level travel time spent in this place.
 D = Time resting spent in this place.
 E = Time spent auto-exploring this place.
 F = Levels seen in this place.
 G = Mean time per level.
                   A        B        C        D        E       F      G
               +--------+--------+--------+--------+--------+-----+--------+
         Total |   3408 |   3336 |     72 |     55 |   2890 |   4 |  852.0 |
       Dungeon |   3408 |   3336 |     72 |     55 |   2890 |   4 |  852.0 |
               +--------+--------+--------+--------+--------+-----+--------+

Top non-repeatable levels by time:
     D:2: 1126 daAuts
     D:3: 912 daAuts
     D:1: 859 daAuts
     D:4: 509 daAuts
